Map: Kairos Junction LE

Players

Woah - Winner!

  • Race: Terran Terran
  • Spawn Location: 5:00

elDuderino

  • Race: Protoss Protoss
  • League: Platinum
  • Spawn Location: 11:00

VOD

Have the link to the VOD?

Description

Time

  • Played on: June 14, 2019, 12:32 p.m.
  • Length: 11:43
Show
View Real Time Build Order
Export as new Build Order

Woah Terran - Winner!

Build Orders:  

Get SALT Encoding   

  12  0:00  SCV  
  13  0:13  SCV  
  14  0:17  Supply Depot  
  14  0:25  SCV  
  15  0:28  Refinery  
  15  0:39  SCV  
  16  0:45  Barracks  
  16  0:51  SCV  
  17  1:03  SCV  
  18  1:15  SCV  
  19  1:32  Orbital Command  
  19  1:33  Reaper  
  20  1:55  Supply Depot  
  20  2:13  SCV, Refinery  
  20  2:15  Marine  
  21  2:18  Factory  
  22  2:46  Marine  
  23  2:54  SCV  
  23  3:01  Command Center  
  23  3:03  Starport  
  23  3:09  Widow Mine  
  25  3:16  Barracks Tech Lab  
  25  3:19  SCV, Barracks  
  26  3:31  SCV  
  27  3:35  Marine  
  28  3:42  Medivac  
  28  3:43  SCV  
  31  3:57  Engineering Bay  
  31  4:00  Factory Reactor, Stimpack  
  31  4:08  Barracks Tech Lab  
  31  4:12  SCV, Marine  
  31  4:14  Orbital Command  
  33  4:25  SCV  
  33  4:27  Terran Infantry Weapons Level 1  
  36  4:46  Widow Mine x2  
  36  4:50  Marauder  
  42  4:54  SCV x2  
  42  4:56  Barracks  
  42  5:12  Barracks Reactor  
  42  5:30  Marine  
  41  5:46  SCV  
  41  5:47  SCV  
  41  5:48  Marine  
  41  5:49  Raven  
  46  5:59  Barracks, Barracks Reactor  
  46  6:00  Combat Shield  
  46  6:02  Command Center  
  46  6:07  Refinery  
  46  6:08  Refinery  
  46  6:09  Supply Depot  
  46  6:13  Supply Depot  
  46  6:25  Engineering Bay, Barracks  
  46  6:29  Armory  
  46  6:30  SCV x2, Marine x2  
  46  6:31  Widow Mine x2  
  54  6:34  Marine  
  54  6:37  Missile Turret  
  55  6:42  SCV x2  
  57  6:49  Factory  
  57  6:54  SCV x2  
  57  6:56  Medivac  
  61  7:04  Barracks Tech Lab  
  61  7:07  SCV  
  62  7:14  SCV  
  63  7:19  Marine x5  
  68  7:25  Medivac  
  70  7:36  Factory Tech Lab  
  70  7:37  Marine x4  
  70  7:40  Orbital Command  
  69  8:02  Barracks Tech Lab  
  69  8:04  Concussive Shells  
  69  8:05  Terran Infantry Armor Level 1  
  69  8:07  Terran Infantry Weapons Level 2  
  69  8:10  Marine x2, Supply Depot  
  71  8:14  SCV  
  71  8:17  SCV  
  71  8:19  SCV  
  74  8:26  SCV  
  75  8:29  SCV  
  75  8:30  Supply Depot  
  75  8:31  Siege Tank  
  75  8:33  Supply Depot  
  79  8:52  Marine  
  79  8:53  Marauder x2, Marine x3  
  79  8:54  Marauder, SCV  
  79  8:55  SCV x2  
  89  9:03  Siege Tank  
  89  9:06  SCV  
  89  9:07  SCV x2  
  91  9:10  Marine  
  79  9:34  Marauder x2, Marine x4  
  79  9:35  Marauder  
  89  9:44  Barracks  
  89  9:45  SCV, Command Center, Refinery  
  90  9:48  SCV  
  90  9:49  SCV, Barracks  
  90  9:51  Marine x2  
  90  9:52  Marine x2  
  96  9:55  Marauder x2  
  100  10:05  Marauder  
  101  10:24  Marine  
  101  10:33  Marine x2  
  101  10:37  Marine  
  101  10:56  Marauder  
  101  10:57  Marauder, Marine x5  
  108  11:15  Marine x2  
  108  11:17  Marine  
  107  11:19  Marauder  
Show
View Real Time Build Order
Export as new Build Order

elDuderino Protoss 

Build Orders:  

Get SALT Encoding   

  12  0:13  Probe  
  13  0:21  Probe  
  13  0:25  Pylon  
  14  0:30  Probe  
  15  0:43  Probe  
  15  0:45  Forge  
  16  0:55  Probe  
  17  1:03  Probe  
  17  1:08  Pylon  
  18  1:12  Probe  
  19  1:22  Probe  
  20  1:33  Pylon  
  20  1:40  Pylon  
  20  1:54  Nexus  
  20  1:58  Pylon  
  20  2:01  Photon Cannon  
  19  2:10  Probe  
  19  2:15  Pylon  
  20  2:19  Probe  
  20  2:22  Assimilator, Gateway  
  21  2:26  Assimilator  
  21  2:27  Probe  
  22  2:56  Probe  
  23  3:01  Photon Cannon  
  23  3:08  Probe  
  23  3:09  Cybernetics Core  
  24  3:18  Probe  
  24  3:20  Zealot  
  24  3:23  Probe  
  24  3:26  Probe  
  29  3:35  Probe  
  29  3:40  Probe  
  30  3:47  Probe  
  32  3:49  Twilight Council  
  32  3:51  Warp Gate  
  32  3:58  Probe  
  33  4:08  Probe  
  34  4:10  Probe  
  34  4:14  Pylon  
  35  4:18  Protoss Ground Weapons Level 1  
  35  4:29  Nexus  
  35  4:32  Probe, Pylon  
  35  4:34  Probe  
  37  4:43  Photon Cannon  
  37  4:46  Probe  
  37  4:47  Probe  
  39  4:55  Photon Cannon  
  39  4:58  Charge, Probe  
  40  5:02  Probe  
  40  5:03  Gateway  
  41  5:12  Gateway  
  35  5:38  Pylon  
  28  5:53  Probe x2  
  28  5:54  Probe  
  30  5:58  Assimilator  
  30  6:00  Photon Cannon  
  30  6:02  Probe  
  31  6:05  Probe  
  31  6:06  Probe  
  31  6:08  Forge  
  34  6:12  Probe  
  34  6:17  Protoss Ground Armor Level 1, Robotics Facility  
  34  6:18  Probe  
  36  6:26  Photon Cannon, Probe  
  36  6:27  Probe x2  
  39  6:34  Probe  
  39  6:35  Probe x2  
  42  6:46  Pylon  
  42  6:49  Protoss Ground Weapons Level 2  
  42  6:52  Gateway  
  42  7:02  Gateway  
  42  7:04  Shield Battery  
  42  7:05  Probe  
  42  7:08  Probe x2  
  44  7:11  Gateway  
  45  7:19  Zealot x3  
  51  7:24  Observer  
  46  7:40  Zealot x3  
  52  7:47  Zealot  
  50  7:59  Nexus  
  50  8:01  Pylon  
  50  8:02  Probe  
  50  8:03  Probe  
  52  8:14  Assimilator, Probe  
  52  8:15  Probe  
  52  8:16  Observer  
  51  8:30  Protoss Ground Armor Level 2, Stalker x2  
  51  8:31  Stalker  
  57  8:37  Warp Prism  
  59  8:41  Zealot  
  60  8:54  Zealot x2  
  62  9:04  Zealot  
  54  9:17  Zealot  
  46  9:41  Gateway x2  
  46  9:44  Gateway  
  46  9:45  Zealot x2  
  50  9:53  Gateway  
  50  9:55  Gateway  
  50  9:56  Gateway  
  50  9:58  Dark Shrine  
  50  10:01  Photon Cannon  
  44  10:14  Zealot x2  
  48  10:29  Pylon  
  48  10:39  Zealot  
  48  10:40  Zealot  
  45  10:44  Pylon  
  45  10:45  Pylon  
  45  10:50  Stalker  
  47  11:01  Zealot  
  47  11:04  Zealot x2  
  48  11:13  Zealot x3  
  29  11:25  Zealot  
  29  11:26  Zealot x2  
Tags
 
League
Platinum
Matchup
PvT
Replay Pack
r1
Spawn Locations
Cross Positions
Add a new tag
Caveats
  • Supply blocks, unpowered buildings, or Contaminate may cause inaccurate times.
  • Supply counts are checked every 10 seconds.